 Dungeon Crawl Stone Soup version 0.29.0-4-gdea44cf6ec (webtiles) character file.

Game seed: 4086168231553873342

21 qw the Chopper (level 2, 0/17 HPs)
             Began as a Tengu Warper on Aug 28, 2022.
             Succumbed to their own poison gas
             ... on level 1 of the Dungeon.
             The game lasted 00:00:05 (1197 turns).

qw the Chopper (Tengu Warper)                       Turns: 1197, Time: 00:00:05

Health: 0/17       AC:  5    Str: 11    XL:     2   Next: 83%
Magic:  6/6        EV: 10    Int: 13    God:
Gold:   62         SH:  0    Dex: 13    Spells: 5/5 levels left

rFire   . . .      SeeInvis .   Y - +3 hand axe
rCold   . . .      Faith    .   (no shield)
rNeg    . . .      Spirit   +   k - +0 ring mail
rPois   .          Reflect  .   (helmet restricted)
rElec   .          Harm     .   (no cloak)
rCorr   .          Rampage  .   (no gloves)
Will    .....                   (boots unavailable)
Stlth   +.........              l - amulet of guardian spirit
HPRegen 0.05/turn               (no ring)
MPRegen 0.10/turn               (no ring)

@: lethally poisoned (0 -> -2)
A: beak, talons 3
a: no special abilities


You were on level 1 of the Dungeon.
You visited 1 branch of the dungeon, and saw 1 of its levels.

You collected 62 gold pieces.


Innate Abilities, Weirdness & Mutations

You have a beak for a mouth.
You have claws for feet.


   Skills:
 - Level 2.0 Fighting
 + Level 3.6 Axes
 - Level 1.0 Throwing
 - Level 1.1 Armour
 - Level 2.1 Dodging
 - Level 2.0 Spellcasting
 - Level 2.4 Translocations


You had 5 spell levels left.
You didn't know any spells.
Your spell library contained the following spells:

 Spells                   Type           Power      Damage    Failure   Level
 Blink                    Tloc           14%        N/A       34%         2
 Gell's Gravitas          Tloc           7%         N/A       56%         3
 Lesser Beckoning         Tloc           7%         N/A       56%         3
 Teleport Other           Tloc           7%         N/A       56%         3
 Manifold Assault         Tloc           7%         N/A       99%         5

Inventory:

Hand Weapons
 g - a +0 club
 Y - a +3 hand axe (weapon)
Missiles
 m - 3 boomerangs (quivered)
Armour
 k - a +0 ring mail (worn)
Jewellery
 l - an amulet of guardian spirit (around neck)
Potions
 d - a potion of brilliance {unknown}
 f - a potion of curing {unknown}
 j - a potion of haste {unknown}
 o - a potion of flight {unknown}
 q - a potion of attraction {unknown}

Dungeon Overview and Level Annotations

Branches:
Dungeon (1/15)

Altars:

Shops:
D:1 =


Message History

Done exploring.
1186 ||| READING scroll labelled NOFFOM HONK.
As you read the scroll labelled NOFFOM HONK, it crumbles to dust.
You hear a loud clanging noise!
It was a scroll of noise.
Done exploring.
1187 ||| READING scroll labelled XIAXKAFOWN.
The air fills with toxic fumes!
As you read the scroll labelled XIAXKAFOWN, it crumbles to dust.
It was a scroll of poison.
Done exploring.
1188 ||| DROPPING scroll of blinking.
You drop a scroll of blinking.
Done exploring.
(D) Dungeon
Where to? (* - list waypoints, ? - help)
What level of the Dungeon? (default 1, ? - help) Sorry, I don't know how to get there.
Done exploring.
1189 ||| Stepping randomly (stuck).
Really walk into that cloud of poison gas?
You are engulfed in poison gas.
You are lethally poisoned!
You feel very sick.
1190 ||| Stepping ~*~*~tactically~*~*~ (cloud).
You feel very sick.
You see here a scroll of blinking.
There is a lethal amount of poison in your body!
You feel sick.
There is a lethal amount of poison in your body!
You feel sick.
There is a lethal amount of poison in your body!
You feel sick.
There is a lethal amount of poison in your body!
You feel sick.
There is a lethal amount of poison in your body!
You feel sick.
There is a lethal amount of poison in your body!
You feel sick.
There is a lethal amount of poison in your body!
You die...

#...####+##.#.....
#...........#.#...
#0.......####.#...
#0###########.#...
#0# #.........'...
#¤# #.#######.#...
#¤# #.# #.#...
##¤###¤# ##'#...
#0@¤..¤# ###.....#
#¤.¤¤¤0# #.......#
#¤0¤¤00# #.......#
##+###0####..#+####
#.#....0....#.#
#.#.#.####.##.####
#.#.#.............
#.#.###..#.##.####
#.#.#...........#


There were no monsters in sight!

Vanquished Creatures
  An endoplasm (D:1)
  A giant cockroach (D:1)
  3 goblins (D:1)
  2 hobgoblins (D:1)
  2 kobolds (D:1)
  A quokka (D:1)
  4 bats (D:1)
  A frilled lizard (D:1)
  4 rats (D:1)
19 creatures vanquished.

Notes
Turn   | Place    | Note
-------+----------+-------------------------------------------
     0 | D:1      | qw the Tengu Warper began the quest for the Orb.
     0 | D:1      | Reached XP level 1. HP: 12/12 MP: 4/4
     0 | D:1      | 0 ||| qw: Version: 0.1-a-89-g26bdef1
     0 | D:1      | 0 ||| qw: Game counter: 279
     0 | D:1      | 0 ||| qw: Always use a shield: true
     0 | D:1      | 0 ||| qw: God list: Okawaru
     0 | D:1      | 0 ||| qw: Allow faded altars: false
     0 | D:1      | 0 ||| qw: Do Orc after D:15 true
     0 | D:1      | 0 ||| qw: Do second Lair branch before Depths: true
     0 | D:1      | 0 ||| qw: Lair rune preference: random
     0 | D:1      | 0 ||| qw: Plans: Normal
     0 | D:1      | 0 ||| PLANNING D:1-11
   326 | D:1      | Reached XP level 2. HP: 15/17 MP: 6/6
   329 | D:1      | Reached skill level 3 in Axes
   554 | D:1      | Found Laofugih's Jewellery Shoppe.
   602 | D:1      | 602 ||| SHOPLISTING +4 ring of evasion (504 gold, have 34).
   602 | D:1      | 602 ||| SHOPLISTING +4 ring of protection (504 gold, have
                  | 34).
   602 | D:1      | 602 ||| SHOPLISTING amulet of Vitality {RegenMP++ Regen++}
                  | (1400 gold, have 34).
   602 | D:1      | 602 ||| SHOPLISTING amulet of regeneration (420 gold, have
                  | 34).
   602 | D:1      | 602 ||| SHOPLISTING ring "Izoeth" {Wiz *Corrode Fly MP+9
                  | Int+3} (821 gold, have 34).
   602 | D:1      | 602 ||| SHOPLISTING ring of Gesimokar {rElec MP+9 Int+4
                  | Dex+4 Stlth-} (691 gold, have 34).
   602 | D:1      | 602 ||| SHOPLISTING ring of see invisible (210 gold, have
                  | 34).
   949 | D:1      | Found a faded altar of an unknown god.
  1161 | D:1      | 1161 ||| UPGRADING to +0 ring mail.
  1171 | D:1      | 1171 ||| DROPPING +0 leather armour.
  1172 | D:1      | 1172 ||| UPGRADING to amulet of guardian spirit.
  1177 | D:1      | 1177 ||| READING scroll labelled TAIJ YVEGUCSI.
  1178 | D:1      | 1178 ||| READING 3 scrolls labelled HENEOLAMUR.
  1179 | D:1      | 1179 ||| READING 2 scrolls of enchant weapon.
  1179 | D:1      | 1179 ||| ENCHANTING +1 hand axe.
  1180 | D:1      | 1180 ||| READING scroll of enchant weapon.
  1180 | D:1      | 1180 ||| ENCHANTING +2 hand axe.
  1181 | D:1      | 1181 ||| READING scroll labelled CELUUC ZETTUR.
  1186 | D:1      | 1186 ||| READING scroll labelled NOFFOM HONK.
  1187 | D:1      | 1187 ||| READING scroll labelled XIAXKAFOWN.
  1188 | D:1      | 1188 ||| DROPPING scroll of blinking.
  1189 | D:1      | 1189 ||| Stepping randomly (stuck).
  1190 | D:1      | 1190 ||| Stepping ~*~*~tactically~*~*~ (cloud).
  1193 | D:1      | HP: 4/17 [poisoned by you (poison gas)]
  1196 | D:1      | HP: 1/17 [poisoned by you (poison gas)]
  1197 | D:1      | Succumbed to their own poison gas

Levels and vault maps discovered:
D:1:      heliophobic_arrival_battle_scene, layout_basic, serial_shops, shop,
          chequers_ecumenical_altar_island

Skill      XL: |  1  2 |
---------------+-------+-----
Axes           | 3 |  3.6
Fighting       | |  2.0
Throwing       | |  1.0
Armour         | |  1.1
Dodging        | |  2.1
Spellcasting   | |  2.0
Translocations | |  2.4

Action                   || total
-------------------------++-------
Melee: Hand axe          ||    21
       Peck              ||     1
       Kick              ||     6
Throw: Boomerang         ||    18
  Use: Scroll            ||     7
Armor: Leather armour    ||     4
Dodge: Dodged            ||     5

Table legend:
 A = Non-vault XP
 B = Vault XP
 C = Vault XP percentage of total XP
 D = Non-vault monster count
 E = Vault monster count
 F = Vault count percentage of total count
                 A         B        C        D         E       F
            +---------+---------+-------+---------+---------+-------
      Total |      30 |       0 |   0.0 |      19 |       0 |   0.0
            +---------+---------+-------+---------+---------+-------
        D:1 |      30 |       0 |   0.0 |      19 |       0 |   0.0
            +---------+---------+-------+---------+---------+-------
